 Dungeon Crawl Stone Soup version 0.28-a0-577-gb193047a1f (webtiles) character file.

Game seed: 9456910012921023656

1288 iamoutofideas the Cleaver (level 8, -7/64 HPs)
             Began as a Hill Orc Berserker on Oct 2, 2021.
             Was a Priest of Trog.
             Mangled by an ice beast (10 damage)
             ... on level 6 of the Dungeon.
             The game lasted 00:06:54 (6419 turns).

iamoutofideas the Cleaver (Hill Orc Berserker)      Turns: 6419, Time: 00:06:55

Health: -7/64      AC:  5    Str: 21 (22) XL:     8   Next: 55%
Magic:  8/8        EV: 11    Int:  6 (7)  God:    Trog [***...]
Gold:   1043       SH:  0    Dex:  7 (10) Spells: 7/7 levels left

rFire   . . .      SeeInvis +   A - +2 war axe (drain)
rCold   . . .      Faith    .   (no shield)
rNeg    . . .      Spirit   .   z - +0 leather armour
rPois   .          Reflect  .   (no helmet)
rElec   .          Harm     .   C - +0 cloak
rCorr   .          Rampage  .   (no gloves)
Will    ++...                   g - +0 pair of boots
Stlth   +.........              (no amulet)
HPRegen 1.20/turn               B - ring of see invisible
MPRegen 0.11/turn               (no ring)

@: strong-willed, on berserk cooldown, regenerating, slowed, studying Armour,
very slow
A: no striking features
a: Renounce Religion, Berserk, Trog's Hand


You were on level 6 of the Dungeon.
You worshipped Trog.
Trog was most pleased with you.
You visited 1 branch of the dungeon, and saw 6 of its levels.
You also visited: Ossuary.

You collected 1043 gold pieces.

Inventory:

Hand Weapons
 a - a +1 hand axe
 v - a +0 war axe
 A - a +2 war axe of draining (weapon)
Missiles
 q - a throwing net (quivered)
Armour
 b - a +0 animal skin
 g - a +0 pair of boots (worn)
 n - a +0 scale mail
 z - a +0 leather armour (worn)
 C - a +0 cloak (worn)
Jewellery
 e - a +6 ring of intelligence
 w - a ring of flight
 B - a ring of see invisible (left hand)
Wands
 o - a wand of iceblast (9)
Scrolls
 c - 2 scrolls of torment {unknown}
 d - a scroll of holy word {unknown}
 i - 2 scrolls of fear
 j - 2 scrolls of amnesia {unknown}
 l - 2 scrolls of enchant weapon
 p - a scroll of teleportation {unknown}
 x - a scroll of silence {unknown}
 y - a scroll of identify
 D - a scroll of noise {unknown}
 E - a scroll of enchant armour {unknown}
Potions
 f - a potion of mutation
 h - a potion of experience {unknown}
 k - 2 potions of degeneration
 m - a potion of ambrosia {unknown}
 r - 2 potions of lignification {unknown}
 s - 2 potions of berserk rage {unknown}
 t - a potion of curing {unknown}
 u - a potion of heal wounds {unknown}


   Skills:
 - Level 3.6 Fighting
 + Level 13.5 Axes
 - Level 2.2 Armour
 - Level 1.5 Dodging


You had 7 spell levels left.
You didn't know any spells.
Your spell library was empty.

Dungeon Overview and Level Annotations

Branches:
Dungeon (6/15)             Temple (0/1) D:4         Ossuary (visited)

Altars:
Cheibriados
Fedhas
Gozag
Ru
Yredelemnul
Zin

Shops:
D:5 [


Message History

You kill the howler monkey!
Trog accepts your kill.
An ice beast comes into view.
You feel a strong urge to attack something.
You are no longer berserk.
You are exhausted.
You feel yourself slow down. The ice beast completely misses you.
You hit the ice beast but do no damage. You drain the ice beast.
The ice beast is lightly wounded.
You slash the ogre! You drain the ogre. The ogre barely misses you.
The ice beast misses you.
You barely miss the ogre.
The ogre is heavily wounded.
You slash the ice beast! The ice beast hits you. The ice beast freezes you!
The ogre hits you with a +0 giant club!!
* * * LOW HITPOINT WARNING * * *
You are too injured to fight recklessly!
Your skin crawls.
You feel strong-willed. The ice beast barely misses you.
The ogre barely misses you. The ice beast closely misses you.
The ice beast hits you but does no damage.
The ogre closely misses you.
You hit the ogre. You drain the ogre.
The ogre is severely wounded.
You barely miss the ice beast.
The ice beast hits you but does no damage.
The ice beast closely misses you. The ogre hits you with a +0 giant club!
* * * LOW HITPOINT WARNING * * *
The ice beast hits you.
* * * LOW HITPOINT WARNING * * *
The ice beast freezes you.
* * * LOW HITPOINT WARNING * * *
It was a potion of degeneration.
There was something very wrong with that liquid.
You feel weakened.
You feel dopey.
You feel clumsy. The ice beast hits you.
* * * LOW HITPOINT WARNING * * *
The ice beast freezes you!
You die...

....... ....!..
....... #
.......## .#
........# .## .
..).....####..##..
..................
........#.>.......
........#@....>.(.
...(.(..Y<........
########..########
#...# #...# ##..#
####


You could see an ice beast (drained).

Vanquished Creatures
  A steam dragon (D:6)
  A water moccasin (D:5)
  A black bear (D:4)
  2 ice beasts
  An ogre (D:4)
  2 elf zombies (Ossuary)
  A wyvern zombie (D:3)
  A howler monkey (D:6)
  2 jellies (D:5)
  An orc priest (D:4)
  A centaur skeleton (D:5)
  An orc wizard (D:4)
  A hound zombie (Ossuary)
  4 mummies (Ossuary)
  4 gnolls
  7 adders
  A shadow imp (D:3)
  An ufetubus (D:5)
  2 adder zombies
  5 worms
  3 dart slugs
  6 orcs
  6 endoplasms
  3 giant cockroaches
  3 gnoll zombies (Ossuary)
  5 goblins
  5 hobgoblins
  3 jackals (D:1)
  5 kobolds
  4 quokkas
  7 ball pythons
  A frilled lizard (D:1)
  A goblin zombie (Ossuary)
  2 jackal zombies (Ossuary)
  A kobold zombie (Ossuary)
  9 rats
  A rat zombie (Ossuary)
105 creatures vanquished.

Vanquished Creatures (others)
  A bullfrog zombie (D:6)
1 creature vanquished.

Grand Total: 106 creatures vanquished

Notes
Turn   | Place    | Note
-------+----------+-------------------------------------------
     0 | D:1      | iamoutofideas the Hill Orc Berserker began the quest for
                  | the Orb.
     0 | D:1      | Reached XP level 1. HP: 19/19 MP: 1/1
   229 | D:1      | Reached XP level 2. HP: 17/26 MP: 2/2
   367 | D:1      | You fall into a shaft and drop 1 floor!
   708 | D:2      | Reached skill level 5 in Axes
   712 | D:2      | Reached XP level 3. HP: 20/31 MP: 3/3
  1333 | D:2      | Reached skill level 6 in Axes
  1467 | D:2      | Found a snail-covered altar of Cheibriados.
  1718 | D:1      | Reached XP level 4. HP: 20/39 MP: 4/4
  1873 | D:1      | Reached ** piety under Trog
  2273 | D:1      | Found a faded altar of an unknown god.
  2719 | D:3      | Reached skill level 7 in Axes
  3229 | D:3      | Reached XP level 5. HP: 18/45 MP: 5/5
  3592 | D:3      | Reached skill level 8 in Axes
  3917 | D:3      | Found a faded altar of an unknown god.
  3917 | D:3      | Found an opulent altar of Gozag.
  3928 | D:3      | Found a sacrificial altar of Ru.
  3930 | D:3      | Found a faded altar of an unknown god.
  3932 | D:3      | Found a basalt altar of Yredelemnul.
  4013 | D:4      | Identified 2 scrolls of acquirement
  4013 | D:4      | Acquired a manual of Armour
  4015 | D:4      | Acquired 804 gold pieces
  4033 | D:4      | Noticed an ogre
  4043 | D:4      | Killed an ogre
  4044 | D:4      | Reached XP level 6. HP: 51/51 MP: 6/6
  4094 | D:4      | Found a staircase to the Ecumenical Temple.
  4099 | D:4      | Noticed an ice beast
  4109 | D:4      | Killed an ice beast
  4110 | D:4      | Reached skill level 9 in Axes
  4148 | D:4      | Found a sand-covered staircase.
  4159 | Ossuary  | Entered an ossuary
  4182 | Ossuary  | Reached skill level 10 in Axes
  4182 | Ossuary  | Reached XP level 7. HP: 57/57 MP: 7/7
  5022 | D:4      | Reached skill level 11 in Axes
  5022 | D:4      | Reached *** piety under Trog
  5292 | D:4      | Found a snail-covered altar of Cheibriados.
  5481 | D:5      | Entered Level 5 of the Dungeon
  5505 | D:5      | Reached XP level 8. HP: 64/64 MP: 8/8
  5510 | D:5      | Reached skill level 12 in Axes
  5807 | D:5      | Found Peav's Antique Armour Shop.
  6090 | D:5      | Found a blossoming altar of Fedhas.
  6107 | D:5      | Found a glowing silver altar of Zin.
  6402 | D:6      | Reached skill level 13 in Axes
  6418 | D:6      | HP: 2/64 [ice beast (5)]
  6419 | D:6      | Mangled by an ice beast

Illustrated notes

Levels and vault maps discovered:
D:1:      shiori_arrival_elements, layout_loops_ring,
          ebering_ecumenical_altar_ruins, glass_columns_b
D:2:      layout_basic, basic_altar
D:3:      layout_basic, chequers_temple_overflow_minitemple
D:4:      layout_loops_ring, cheibrodos_worm_habitat,
          minmay_temple_entry_crystal_x, lightli_ossuary_entry_decrepit_ruins
D:5:      minmay_spotlight, layout_loops_ring, mainiacjoe_overflow_swirl,
          serial_shops, shop
D:6:      minmay_octagon_keep, layout_rooms,
          mainiacjoe_overflow_small_starburst, amcnicky_altar_gilded,
          nicolae_vehumet_radiance, hellmonk_guarded_unrand_lears,
          uniq_prince_ribbit1

Skill      XL: |  1  2  3  4  5  6  7  8 |
---------------+-------------------------+-----
Axes           | 5 6 7 8 10 11 13 | 13.5
Fighting       | |  3.6
Armour         | |  2.2
Dodging        | |  1.5

Action                   |  1- 3 |  4- 6 |  7- 9 || total
-------------------------+-------+-------+-------++-------
Melee: Hand axe          |    76 |   119 |    73 ||   268
       War axe           |       |       |    51 ||    51
Invok: Berserk           |     3 |     5 |     8 ||    16
       Trog's Hand       |       |       |     1 ||     1
  Use: Scroll            |       |     8 |       ||     8
       Potion            |       |       |     1 ||     1
 Stab: Sleeping          |     1 |       |       ||     1
Armor: Animal skin       |     9 |    27 |     2 ||    38
       Leather armour    |       |       |    21 ||    21
Dodge: Dodged            |    27 |    64 |    51 ||   142

Table legend: (Time is in decaauts)
 A = Elapsed time spent in this place.
 B = Non-inter-level travel time spent in this place.
 C = Inter-level travel time spent in this place.
 D = Time resting spent in this place.
 E = Time spent auto-exploring this place.
 F = Levels seen in this place.
 G = Mean time per level.
                   A        B        C        D        E       F      G
               +--------+--------+--------+--------+--------+-----+--------+
         Total |   6545 |   6299 |    246 |   1225 |   4152 |   7 |  935.0 |
       Dungeon |   6003 |   5757 |    246 |    867 |   4152 |   6 | 1000.5 |
       Ossuary |    542 |    542 |      0 |    357 |      0 |   1 |  542.0 |
               +--------+--------+--------+--------+--------+-----+--------+

Top non-repeatable levels by time:
     D:3: 1517 daAuts
     D:2: 1419 daAuts
     D:1: 1119 daAuts
     D:4: 994 daAuts
     D:5: 931 daAuts
 Ossuary: 542 daAuts
     D:6: 21 daAuts
